 Dungeon Crawl Stone Soup version 0.29.0-4-gdea44cf6ec (webtiles) character file.

Game seed: 3254526919636192246

4077 qw the Cleaver (level 10, -1/60 HPs)
             Began as a Tengu Warper on Aug 28, 2022.
             Was a Priest of Okawaru.
             Succumbed to a kobold brigand's poison
             ... on level 7 of the Dungeon.
             The game lasted 00:01:05 (9201 turns).

qw the Cleaver (Tengu Warper)                       Turns: 9201, Time: 00:01:05

Health: -1/60      AC: 32    Str: 18    XL:     10   Next: 25%
Magic:  14/14      EV:  8    Int: 14    God:    Okawaru [***...]
Gold:   197        SH:  0    Dex: 13    Spells: 13/13 levels left

rFire   . . .      SeeInvis .   Y - +1 hand axe
rCold   + . .      Faith    .   (no shield)
rNeg    . . .      Spirit   .   m - +10 plate armour "Voskeuhu" {Fly Str+2}
rPois   .          Reflect  .   (helmet restricted)
rElec   .          Harm     .   b - +1 cloak
rCorr   .          Rampage  .   f - +2 pair of gloves
Will    .....                   (boots unavailable)
Stlth   ..........              (no amulet)
HPRegen 0.20/turn               i - +4 ring of protection
MPRegen 0.14/turn               o - ring of protection from cold

@: lethally poisoned (-1 -> -11), flying quickly and evasively, quick
A: beak, talons 3, nimble flight
a: Renounce Religion, Heroism


You were on level 7 of the Dungeon.
You worshipped Okawaru.
Okawaru was most pleased with you.
You visited 2 branches of the dungeon, and saw 9 of its levels.

You collected 645 gold pieces.
You spent 448 gold pieces at shops.


Innate Abilities, Weirdness & Mutations

You have a beak for a mouth.
You have claws for feet.
Your magical nature lets you fly swiftly and evasively.


   Skills:
 - Level 6.0 Fighting
 + Level 12.1 Axes
 - Level 1.0 Throwing
 - Level 6.3 Armour
 - Level 3.1 Dodging
 - Level 2.0 Spellcasting
 - Level 2.4 Translocations
 - Level 4.0 Invocations


You had 13 spell levels left.
You didn't know any spells.
Your spell library contained the following spells:

 Spells                   Type           Power      Damage    Failure   Level
 Blink                    Tloc           16%        N/A       99%         2
 Gell's Gravitas          Tloc           8%         N/A       100%        3
 Lesser Beckoning         Tloc           8%         N/A       100%        3
 Teleport Other           Tloc           8%         N/A       100%        3
 Manifold Assault         Tloc           8%         N/A       100%        5

Inventory:

Hand Weapons
 a - a +0 flail
 Y - a +1 hand axe (weapon)
Armour
 b - a +1 cloak (worn)
 f - a +2 pair of gloves (worn)
 g - a +1 hat
 m - the +10 plate armour "Voskeuhu" (worn) {Fly Str+2}
   (You found it on level 2 of the Dungeon)

   Str:       It affects your strength (+2).
   Fly:       It grants you flight.
 p - a +0 buckler
Jewellery
 c - a ring of positive energy
 d - a ring of willpower
 i - a +4 ring of protection (left hand)
 o - a ring of protection from cold (right hand)
Scrolls
 h - 7 scrolls of identify
 k - 2 scrolls of butterflies {unknown}
 n - a scroll of brand weapon {unknown}
Potions
 e - a potion of haste
 j - a potion of attraction {unknown}

Dungeon Overview and Level Annotations

Branches:
Dungeon (8/15)             Temple (1/1) D:5
   Lair: D:8-11

Altars:
Ashenzari
Cheibriados
Dithmenos
Fedhas
Hepliaklqana
Kikubaaqudgha
Makhleb
Nemelex Xobeh
Okawaru
Qazlal
Ru
Trog
Uskayaw
Wu Jian
Xom
Yredelemnul
Zin
The Shining One

Shops:
D:1 ![:   D:5 *[   D:6 (   D:8 [

Annotations:
D:3 1 runed translucent door
D:7 2 transporters, qw's ghost, novice TeWr


Message History

You are more poisoned.
9189 ||| FLEEEEING.
You feel very sick.
9190 ||| FLEEEEING.
You feel very sick.
9191 ||| FLEEEEING.
You feel very sick.
9192 ||| FLEEEEING.
You feel very sick.
You feel sick.
The kobold brigand throws a poisoned dart.
The poisoned dart hits you!
You are more poisoned.
9194 ||| FLEEEEING.
You feel very sick.
9195 ||| FLEEEEING.
You feel very sick.
The kobold brigand throws a poisoned dart.
The poisoned dart hits you!
You are more poisoned.
9196 ||| FLEEEEING.
You feel very sick.
The kobold brigand throws a poisoned dart.
The poisoned dart barely misses you.
There is a stone staircase leading up here.
9197 ||| STAIRDANCE You feel very sick.
The kobold brigand throws a poisoned dart.
The poisoned dart hits you!
You are lethally poisoned!
You fly upwards.
Level annotation: 2 transporters, qw's ghost, novice TeWr You feel extremely sick.
There is a stone staircase leading down here.
There is a lethal amount of poison in your body!
You feel very sick.
There is a lethal amount of poison in your body!
You feel very sick.
There is a lethal amount of poison in your body!
You die...

#..................#........
#.......#####+##...#.##...##
#.......#......##..#.##...##
#.......#..........#....^...
#.......#..........#.##...##
#.......#..........#F##...##
######.......#.....###))#FFW.....
#.....###'####.....###))##8S....8
#.....#.........@...#...)########
#.....#.............#....)...^...
#.....#.............#....).......
#.....#.............#........=#..
#.....#.............#.........+..
#.....#.............#.........#..
#....[#.............#.........#..
#.....###########################
#######


There were no monsters in sight!

Vanquished Creatures
  A kobold demonologist (D:8)
  4 yaks (D:6)
  2 vampire mosquitoes (D:6)
  A water moccasin (D:8)
  A sky beast (D:7)
  A black bear (D:5)
  4 ice beasts
  An ogre (D:5)
  3 phantoms
  2 centaurs
  7 kobold brigands (D:8)
  A necrophage (D:5)
  2 bullfrogs
  3 scorpions
  4 wights (D:7)
  A human zombie (D:3)
  7 hounds
  4 orc priests
  An iguana (D:4)
  Terence (D:2)
  6 orc wizards
  3 gnolls (D:7)
  5 adders
  A shadow imp (D:6)
  A white imp (D:7)
  5 ufetubi
  4 worms
  3 dart slugs
  16 orcs
  10 endoplasms
  3 giant cockroaches
  8 goblins
  4 hobgoblins
  6 quokkas
  10 ball pythons
  6 bats
  A frilled lizard (D:2)
  2 jackal zombies (D:3)
  16 kobolds
  A rat (D:1)
162 creatures vanquished.

Vanquished Creatures (others)
  7 plants (D:2)
7 creatures vanquished.

Grand Total: 169 creatures vanquished

Notes
Turn   | Place    | Note
-------+----------+-------------------------------------------
     0 | D:1      | qw the Tengu Warper began the quest for the Orb.
     0 | D:1      | Reached XP level 1. HP: 12/12 MP: 4/4
     0 | D:1      | 0 ||| qw: Version: 0.1-a-89-g26bdef1
     0 | D:1      | 0 ||| qw: Game counter: 1188
     0 | D:1      | 0 ||| qw: Always use a shield: true
     0 | D:1      | 0 ||| qw: God list: Okawaru
     0 | D:1      | 0 ||| qw: Allow faded altars: false
     0 | D:1      | 0 ||| qw: Do Orc after D:15 true
     0 | D:1      | 0 ||| qw: Do second Lair branch before Depths: true
     0 | D:1      | 0 ||| qw: Lair rune preference: random
     0 | D:1      | 0 ||| qw: Plans: Normal
     0 | D:1      | 0 ||| PLANNING D:1-11
   173 | D:1      | Found Qist's Book Emporium.
   370 | D:1      | Reached skill level 3 in Axes
   370 | D:1      | Reached XP level 2. HP: 14/17 MP: 6/6
   428 | D:1      | 428 ||| DROPPING +0 club.
   482 | D:1      | 482 ||| Stepping ~*~*~tactically~*~*~ (stealth).
   541 | D:1      | 541 ||| Stepping ~*~*~tactically~*~*~ (stealth).
   601 | D:1      | 601 ||| Stepping ~*~*~tactically~*~*~ (stealth).
   623 | D:1      | Found Toiragho's Assorted Antiques.
   674 | D:1      | Found Fouc's Distillery.
   676 | D:1      | 676 ||| Stepping ~*~*~tactically~*~*~ (stealth).
   677 | D:1      | 677 ||| Stepping ~*~*~tactically~*~*~ (stealth).
   690 | D:1      | Reached XP level 3. HP: 18/21 MP: 7/7
   835 | D:1      | 835 ||| BUYING potion of curing (39 gold).
   835 | D:1      | Bought a potion of curing for 39 gold pieces
   835 | D:1      | 835 ||| SHOPLISTING potion of curing (39 gold, have 11).
   835 | D:1      | 835 ||| SHOPLISTING potion of mutation (104 gold, have 11).
   841 | D:1      | Found Ysosmuwk's Antique Armour Shop.
   849 | D:1      | 849 ||| SHOPLISTING glowing robe (114 gold, have 11).
   886 | D:1      | Reached skill level 4 in Axes
  1127 | D:1      | 1127 ||| Stepping ~*~*~tactically~*~*~ (stealth).
  1129 | D:1      | 1129 ||| Stepping ~*~*~tactically~*~*~ (stealth).
  1337 | D:1      | 1337 ||| UPGRADING to +4 ring of protection.
  1338 | D:1      | 1338 ||| READING scroll labelled PYXKUSTR CEPIUG.
  1339 | D:1      | 1339 ||| READING scroll labelled KAHUIHOFEQ.
  1340 | D:1      | 1340 ||| READING 2 scrolls labelled GUODAU POELEG.
  1341 | D:1      | 1341 ||| READING scroll labelled QEIPLU KUANO.
  1344 | D:1      | 1344 ||| READING scroll labelled BEEKHI XIEDOS.
  1345 | D:1      | 1345 ||| DROPPING scroll of blinking.
  1346 | D:1      | 1346 ||| DROPPING scroll of immolation.
  1678 | D:2      | Identified the +10 plate armour "Voskeuhu" {Fly Str+2}
  1855 | D:2      | Noticed Terence
  1869 | D:2      | Killed Terence
  1870 | D:2      | Reached XP level 4. HP: 21/26 MP: 8/8
  1893 | D:2      | 1893 ||| FLEEEEING.
  1894 | D:2      | 1894 ||| FLEEEEING.
  1954 | D:2      | Reached skill level 5 in Axes
  1966 | D:2      | 1966 ||| Stepping ~*~*~tactically~*~*~ (stealth).
  2033 | D:2      | 2033 ||| Stepping ~*~*~tactically~*~*~ (stealth).
  2141 | D:2      | 2141 ||| Stepping ~*~*~tactically~*~*~ (stealth).
  2143 | D:2      | 2143 ||| Stepping ~*~*~tactically~*~*~ (stealth).
  2147 | D:2      | 2147 ||| Stepping ~*~*~tactically~*~*~ (stealth).
  2316 | D:2      | 2316 ||| Stepping ~*~*~tactically~*~*~ (water).
  2342 | D:2      | 2342 ||| UPGRADING to +0 scale mail.
  2352 | D:2      | 2352 ||| DROPPING +0 leather armour.
  2353 | D:2      | 2353 ||| UPGRADING to +0 chain mail.
  2363 | D:2      | 2363 ||| DROPPING +0 scale mail.
  2364 | D:2      | 2364 ||| UPGRADING to +10 plate armour "Voskeuhu" {Fly
                  | Str+2}.
  2374 | D:2      | 2374 ||| DROPPING +0 chain mail.
  2414 | D:2      | 2414 ||| UPGRADING to ring of protection from cold.
  2415 | D:2      | 2415 ||| READING scroll labelled NOKHLI NUTEO.
  2416 | D:2      | 2416 ||| DRINKING 2 black potions.
  2443 | D:3      | 2443 ||| STAIRDANCE
  2578 | D:3      | Gained mutation: Your magical nature lets you fly swiftly
                  | and evasively. [Tengu growth]
  2578 | D:3      | Reached XP level 5. HP: 30/30 MP: 9/9
  2703 | D:3      | 2703 ||| STAIRDANCE
  2737 | D:2      | 2737 ||| READING scroll labelled RIAPLI KOCALON.
  2877 | D:2      | 2877 ||| READING 2 scrolls of identify.
  2877 | D:2      | 2877 ||| IDENTIFYING brown potion
  2878 | D:2      | 2878 ||| DROPPING potion of flight.
  2931 | D:3      | Found a runed translucent door.
  2931 | D:3      | Noticed a human
  2933 | D:3      | 2933 ||| READING 2 scrolls of teleportation.
  2992 | D:3      | 2992 ||| READING scroll of teleportation.
  2995 | D:3      | 2995 ||| FLEEEEING.
  2995 | D:3      | Found a basalt altar of Yredelemnul.
  2996 | D:3      | 2996 ||| FLEEEEING.
  2997 | D:3      | 2997 ||| FLEEEEING.
  3280 | D:3      | 3280 ||| READING scroll labelled PARECOX DOKOCW.
  3281 | D:3      | 3281 ||| READING 2 scrolls of identify.
  3281 | D:3      | 3281 ||| IDENTIFYING white potion
  3282 | D:3      | 3282 ||| DROPPING potion of ambrosia.
  3332 | D:4      | Noticed a phantom
  3349 | D:4      | Killed a phantom
  3350 | D:4      | Reached skill level 6 in Axes
  3350 | D:4      | Reached XP level 6. HP: 28/35 MP: 10/10
  3452 | D:4      | 3452 ||| Stepping ~*~*~tactically~*~*~ (hiding).
  3600 | D:4      | 3600 ||| Stepping ~*~*~tactically~*~*~ (stealth).
  3604 | D:4      | 3604 ||| Stepping ~*~*~tactically~*~*~ (hiding).
  3605 | D:4      | 3605 ||| Stepping ~*~*~tactically~*~*~ (hiding).
  3625 | D:4      | 3625 ||| Stepping ~*~*~tactically~*~*~ (stealth).
  3634 | D:4      | Reached skill level 7 in Axes
  3636 | D:4      | HP: 8/35 [poisoned by an orc wizard]
  3957 | D:4      | 3957 ||| Stepping ~*~*~tactically~*~*~ (hiding).
  4133 | D:4      | 4133 ||| Stepping ~*~*~tactically~*~*~ (stealth).
  4182 | D:4      | Found a blossoming altar of Fedhas.
  4316 | D:4      | Reached skill level 3 in Fighting
  4374 | D:4      | 4374 ||| Stepping ~*~*~tactically~*~*~ (stealth).
  4621 | D:4      | 4621 ||| READING scroll labelled DEJIETWALI.
  4622 | D:4      | 4622 ||| DRINKING 2 fizzy cyan potions.
  4623 | D:4      | 4623 ||| DRINKING 3 sedimented dark potions.
  4624 | D:4      | 4624 ||| DRINKING 3 green potions.
  4625 | D:4      | 4625 ||| DROPPING potion of degeneration.
  4626 | D:4      | 4626 ||| DROPPING 2 potions of magic.
  4686 | D:5      | Entered Level 5 of the Dungeon
  4686 | D:5      | Found Korphi's Assorted Antiques.
  4690 | D:5      | 4690 ||| STAIRDANCE
  4696 | D:4      | Reached skill level 3 in Armour
  4696 | D:4      | Reached XP level 7. HP: 26/41 MP: 11/11
  4846 | D:5      | 4846 ||| BUYING scroll of identify (62 gold).
  4846 | D:5      | Bought a scroll of identify for 62 gold pieces
  4846 | D:5      | 4846 ||| BUYING thin lapis lazuli amulet (155 gold).
  4846 | D:5      | Bought a thin lapis lazuli amulet for 155 gold pieces
  4846 | D:5      | 4846 ||| SHOPLISTING war axe (108 gold, have 93).
  4932 | D:5      | Found Nirhoiha's Armour Shop.
  5043 | D:5      | Found a staircase to the Ecumenical Temple.
  5044 | D:5      | 5044 ||| PLANNING TEMPLE
  5044 | D:5      | 5044 ||| DROPPING amulet of faith.
  5045 | D:5      | 5045 ||| READING 3 scrolls of identify.
  5045 | D:5      | 5045 ||| IDENTIFYING blue potion
  5046 | D:5      | 5046 ||| DROPPING potion of brilliance.
  5057 | Temple   | Entered the Ecumenical Temple
  5116 | Temple   | Became a worshipper of Warmaster Okawaru
  5144 | Temple   | 5144 ||| PLANNING D:1-11
  5272 | D:5      | 5272 ||| DROPPING +0 mace.
  5290 | D:5      | Reached skill level 8 in Axes
  5353 | D:5      | 5353 ||| Stepping ~*~*~tactically~*~*~ (stealth).
  5524 | D:5      | Reached XP level 8. HP: 46/46 MP: 12/12
  5545 | D:5      | Reached * piety under Okawaru
  5546 | D:5      | Reached skill level 9 in Axes
  5678 | D:5      | 5678 ||| READING scroll of teleportation.
  5679 | D:5      | 5679 ||| STAIRDANCE
  5756 | D:5      | 5756 ||| Stepping randomly (stuck).
  5790 | D:6      | Found Entephit's Antique Weapon Shoppe.
  5800 | D:6      | 5800 ||| SHOPLISTING crystal mace (216 gold, have 136).
  5800 | D:6      | Noticed a yak
  5801 | D:6      | Noticed a yak
  5802 | D:6      | 5802 ||| Stepping ~*~*~tactically~*~*~ (stealth).
  5803 | D:6      | Noticed a yak
  5803 | D:6      | Noticed a yak
  5804 | D:6      | 5804 ||| Stepping ~*~*~tactically~*~*~ (stealth).
  5805 | D:6      | 5805 ||| Stepping ~*~*~tactically~*~*~ (stealth).
  5809 | D:6      | 5809 ||| Stepping ~*~*~tactically~*~*~ (stealth).
  5810 | D:6      | 5810 ||| Stepping ~*~*~tactically~*~*~ (stealth).
  5819 | D:6      | 5819 ||| INVOKING Heroism.
  5827 | D:6      | Killed a yak
  5828 | D:6      | Reached skill level 1 in Invocations
  5834 | D:6      | Killed a yak
  5838 | D:6      | 5838 ||| INVOKING Heroism.
  5842 | D:6      | Killed a yak
  5850 | D:6      | Killed a yak
  5851 | D:6      | Reached skill level 3 in Invocations
  5868 | D:6      | 5868 ||| FLEEEEING.
  5869 | D:6      | 5869 ||| FLEEEEING.
  5871 | D:6      | 5871 ||| FLEEEEING.
  5872 | D:6      | 5872 ||| FLEEEEING.
  5873 | D:6      | 5873 ||| FLEEEEING.
  5874 | D:6      | 5874 ||| FLEEEEING.
  5875 | D:6      | 5875 ||| FLEEEEING.
  5878 | D:6      | 5878 ||| FLEEEEING.
  5879 | D:6      | 5879 ||| FLEEEEING.
  5888 | D:6      | 5888 ||| STAIRDANCE
  5987 | D:6      | 5987 ||| INVOKING Heroism.
  6219 | D:6      | 6219 ||| Stepping ~*~*~tactically~*~*~ (hiding).
  6227 | D:6      | Reached ** piety under Okawaru
  6228 | D:6      | Reached XP level 9. HP: 51/52 MP: 13/13
  6257 | D:6      | Reached skill level 10 in Axes
  6261 | D:6      | 6261 ||| DROPPING +2 whip of electrocution.
  6273 | D:6      | 6273 ||| Stepping ~*~*~tactically~*~*~ (stealth).
  6338 | D:6      | 6338 ||| INVOKING Heroism.
  6620 | D:6      | 6620 ||| Stepping ~*~*~tactically~*~*~ (stealth).
  6680 | D:6      | Found an ornate altar of the Wu Jian Council.
  6751 | D:6      | 6751 ||| DRINKING 2 smoky puce potions.
  6856 | D:6      | 6856 ||| READING 5 scrolls of identify.
  6856 | D:6      | 6856 ||| IDENTIFYING glowing cyan potion
  6857 | D:6      | 6857 ||| DROPPING potion of berserk rage.
  6858 | D:6      | 6858 ||| DROPPING potion of lignification.
  6882 | D:5      | 6882 ||| BUYING +0 cloak (67 gold).
  6882 | D:5      | Bought a +0 cloak for 67 gold pieces
  6882 | D:5      | 6882 ||| BUYING +0 pair of gloves (67 gold).
  6882 | D:5      | Bought a +0 pair of gloves for 67 gold pieces
  6882 | D:5      | 6882 ||| SHOPLISTING +2 pair of gloves of stealth (322
                  | gold, have 78).
  6882 | D:5      | 6882 ||| UPGRADING to +0 cloak.
  6887 | D:5      | 6887 ||| UPGRADING to +0 pair of gloves.
  6892 | D:5      | 6892 ||| READING 3 scrolls of enchant armour.
  6892 | D:5      | 6892 ||| ENCHANTING +0 pair of gloves.
  6893 | D:5      | 6893 ||| READING 2 scrolls of enchant armour.
  6893 | D:5      | 6893 ||| ENCHANTING +1 pair of gloves.
  6894 | D:5      | 6894 ||| READING scroll of enchant armour.
  6894 | D:5      | 6894 ||| ENCHANTING +0 cloak.
  7073 | D:7      | 7073 ||| INVOKING Heroism.
  7246 | D:7      | 7246 ||| Stepping ~*~*~tactically~*~*~ (hiding).
  7335 | D:7      | 7335 ||| Stepping ~*~*~tactically~*~*~ (stealth).
  7442 | D:7      | 7442 ||| Stepping ~*~*~tactically~*~*~ (stealth).
  7513 | D:7      | Found a transporter.
  7516 | D:7      | Found a transporter.
  7517 | D:7      | Noticed qw's ghost (novice TeWr)
  7520 | D:7      | Noticed an eight-headed hydra
  7525 | D:7      | Reached *** piety under Okawaru
  7554 | D:7      | 7554 ||| DROPPING ring of wizardry.
  7559 | D:7      | 7559 ||| INVOKING Heroism.
  7564 | D:7      | Reached skill level 11 in Axes
  7570 | D:7      | 7570 ||| DRINKING 3 potions of curing.
  7570 | D:7      | 7570 ||| (to cure confusion)
  7573 | D:7      | 7573 ||| DRINKING 2 potions of curing.
  7573 | D:7      | 7573 ||| (to cure confusion)
  7606 | D:7      | Reached skill level 3 in Dodging
  7836 | D:7      | 7836 ||| DROPPING ring of ice.
  7837 | D:7      | 7837 ||| READING scroll labelled SURCHI IFFEYMEPH.
  7838 | D:7      | 7838 ||| READING scroll labelled CIJ ZAN DADAF.
  7874 | D:8      | 7874 ||| Stepping ~*~*~tactically~*~*~ (hiding).
  7887 | D:8      | 7887 ||| INVOKING Heroism.
  7898 | D:8      | 7898 ||| STAIRDANCE
  7898 | D:8      | HP: 10/54 [orc priest/divine providence (10)]
  7900 | D:7      | 7900 ||| READING 3 scrolls of teleportation.
  7901 | D:7      | 7901 ||| DRINKING 2 potions of heal wounds.
  8012 | D:8      | 8012 ||| STAIRDANCE
  8017 | D:8      | 8017 ||| Stepping ~*~*~tactically~*~*~ (hiding).
  8034 | D:8      | Reached skill level 6 in Armour
  8034 | D:8      | 8034 ||| DRINKING potion of curing.
  8034 | D:8      | 8034 ||| (to cure confusion)
  8038 | D:8      | 8038 ||| STAIRDANCE
  8110 | D:8      | 8110 ||| STAIRDANCE
  8112 | D:7      | 8112 ||| INVOKING Heroism.
  8190 | D:8      | 8190 ||| Stepping ~*~*~tactically~*~*~ (hiding).
  8193 | D:8      | 8193 ||| INVOKING Heroism.
  8388 | D:8      | Found Binnuith's Armour Emporium.
  8397 | D:8      | 8397 ||| BUYING +0 buckler (58 gold).
  8397 | D:8      | Bought a +0 buckler for 58 gold pieces
  8397 | D:8      | 8397 ||| SHOPLISTING +1 cloak of willpower (214 gold, have
                  | 167).
  8449 | D:8      | Reached XP level 10. HP: 59/59 MP: 14/14
  8473 | D:8      | Noticed a kobold demonologist
  8473 | D:8      | 8473 ||| Stepping ~*~*~tactically~*~*~ (stealth).
  8475 | D:8      | 8475 ||| INVOKING Heroism.
  8476 | D:8      | 8476 ||| Stepping ~*~*~tactically~*~*~ (stealth).
  8484 | D:8      | Killed a kobold demonologist
  8485 | D:8      | Reached skill level 12 in Axes
  8492 | D:8      | 8492 ||| INVOKING Heroism.
  8503 | D:8      | HP: 14/60 [poisoned by a kobold brigand (curare-tipped
                  | dart)]
  8504 | D:8      | 8504 ||| READING 2 scrolls of teleportation.
  8505 | D:8      | 8505 ||| DRINKING potion of heal wounds.
  8691 | D:8      | 8691 ||| Stepping ~*~*~tactically~*~*~ (stealth).
  8707 | D:8      | 8707 ||| INVOKING Heroism.
  8721 | D:8      | Reached skill level 6 in Fighting
  8725 | D:8      | 8725 ||| INVOKING Heroism.
  8740 | D:8      | HP: 13/60 [poisoned by a kobold brigand (curare-tipped
                  | dart)]
  8743 | D:8      | HP: 1/60 [asphyx]
  8744 | D:8      | 8744 ||| DRINKING potion of curing.
  8744 | D:8      | 8744 ||| (to cure poison)
  8745 | D:8      | 8745 ||| READING scroll of teleportation.
  8843 | D:8      | 8843 ||| INVOKING Heroism.
  8853 | D:8      | HP: 15/60 [poisoned by a kobold brigand]
  8858 | D:8      | HP: 10/60 [poisoned by a kobold brigand]
  8938 | D:8      | 8938 ||| INVOKING Heroism.
  9027 | D:8      | 9027 ||| INVOKING Heroism.
  9187 | D:8      | 9187 ||| FLEEEEING.
  9188 | D:8      | 9188 ||| FLEEEEING.
  9189 | D:8      | 9189 ||| FLEEEEING.
  9190 | D:8      | 9190 ||| FLEEEEING.
  9191 | D:8      | 9191 ||| FLEEEEING.
  9192 | D:8      | 9192 ||| FLEEEEING.
  9194 | D:8      | 9194 ||| FLEEEEING.
  9195 | D:8      | 9195 ||| FLEEEEING.
  9196 | D:8      | 9196 ||| FLEEEEING.
  9197 | D:8      | 9197 ||| STAIRDANCE
  9197 | D:8      | HP: 14/60 [poisoned by a kobold brigand]
  9199 | D:7      | HP: 3/60 [poisoned by a kobold brigand]
  9200 | D:7      | HP: 1/60 [poisoned by a kobold brigand]
  9201 | D:7      | Succumbed to a kobold brigand's poison

Levels and vault maps discovered:
D:1:      dpeg_arrival_signposts, layout_loops_ring, serial_shops,
          nicolae_square_shop, nicolae_shop_advertising_works
          [nicolae_subvault_shop_adworks], nicolae_shop_stone,
          nicolae_shop_crystal, minmay_unequal
D:2:      layout_basic, chequers_big_river, kennysheep_generic_room_16,
          uniq_terence
D:3:      layout_loops_ring, dk_yredelemnul_ordeal
D:4:      layout_loops_ring, kennysheep_mini, minmay_ruptured
D:5:      layout_basic, minmay_temple_entry_stoned_glass, serial_shops,
          nicolae_shop_overgrown_old_shop, nicolae_take_the_stairs,
          nicolae_elevator_lobby_asterisk
D:6:      layout_cave_pools, mainiacjoe_overflow_six_doors_small, serial_shops,
          shop_statue, minivault_19
D:7:      layout_gridville, gammafunk_ghost_arena, grunt_decor_cap,
          serial_park_tiny_1, grunt_decor_resistance
D:8:      layout_rooms, serial_shops, shop, special_room [special_room_kobold]
Temple:   nicolae_temple_superstar

Skill      XL: |  1  2  3  4  5  6  7  8  9 10 |
---------------+-------------------------------+-----
Axes           | 3 4 5 6 7 8 9 11 12 | 12.1
Armour         | 2 3 4 6 |  6.3
Fighting       | 3 4 5 6 |  6.0
Invocations    | 4 |  4.0
Dodging        | 3 |  3.1
Throwing       | |  1.0
Spellcasting   | |  2.0
Translocations | |  2.4

Action                   |  1- 3 |  4- 6 |  7- 9 | 10-12 || total
-------------------------+-------+-------+-------+-------++-------
Melee: Hand axe          |   102 |   164 |   310 |    59 ||   635
       Kick              |    21 |    32 |   110 |    16 ||   179
       Peck              |    15 |    27 |    61 |    13 ||   116
       Punch             |       |       |     4 |       ||     4
Throw: Boomerang         |     7 |       |       |       ||     7
Invok: Heroism           |       |       |     9 |     7 ||    16
  Use: Scroll            |     5 |     8 |     9 |     2 ||    24
       Potion            |       |     4 |     5 |     2 ||    11
Armor: Leather armour    |    25 |     8 |       |       ||    33
       Plate armour      |       |    71 |   222 |    30 ||   323
Dodge: Dodged            |    60 |    50 |    98 |    28 ||   236

Table legend:
 A = Non-vault XP
 B = Vault XP
 C = Vault XP percentage of total XP
 D = Non-vault monster count
 E = Vault monster count
 F = Vault count percentage of total count
                 A         B        C        D         E       F
            +---------+---------+-------+---------+---------+-------
      Total |    4634 |    1191 |  20.4 |     137 |      25 |  15.4
            +---------+---------+-------+---------+---------+-------
        D:1 |      43 |       5 |  10.4 |      23 |       3 |  11.5
        D:2 |      54 |      38 |  41.3 |      20 |       2 |   9.1
        D:3 |      42 |      48 |  53.3 |      10 |       3 |  23.1
        D:4 |     406 |      14 |   3.3 |      19 |       4 |  17.4
        D:5 |     651 |       0 |   0.0 |      14 |       0 |   0.0
        D:6 |    1780 |       0 |   0.0 |      16 |       0 |   0.0
        D:7 |     981 |       0 |   0.0 |      25 |       0 |   0.0
        D:8 |     677 |    1086 |  61.6 |      10 |      13 |  56.5
            +---------+---------+-------+---------+---------+-------
